[Event "Titled Tuesday Blitz April 26 Early 2022"]
[White "Khamdamova, Afruza"]
[Black "Bluebaum, Matthias"]
[WhiteFideId "14210444"]
[BlackFideId "24651516"]
[WhiteElo "1660"]
[BlackElo "2550"]
[Result "0-1"]
[Round "02"]
[TimeControl "180+1"]
[Date "2022.04.26"]
[WhiteClock "0:00:04"]
[BlackClock "0:02:04"]

1. e4 c6 2. d4 d5 3. Nc3 dxe4 4. Nxe4 Nf6 5. Nxf6+ exf6 6. c3 Bd6 7. Bd3 O-O 8. Qc2 Re8+ 9. Ne2 h5 10. O-O h4 11. Nf4 Nd7 12. h3 Nf8 13. Be3 Bc7 14. Ne2 Ne6 15. Qd2 Qd6 16. f4 Bd7 17. c4 Rad8 18. c5 Qe7 19. f5 Nxc5 20. dxc5 Qxe3+ 21. Qxe3 Rxe3 22. Bc4 Rde8 23. Rad1 Bc8 24. Rd2 Ba5 25. Rc2 Bb4 26. Kh1 Bxc5 27. a4 Bb4 28. b3 a5 29. Rf4 R3e4 30. Rf3 R4e5 31. Nd4 Re1+ 32. Kh2 Bd6+ 33. g3 Bxg3+ 34. Kg2 Be5 35. Ne2 Bd6 36. Kf2 Rh1 37. Kg2 Ra1 38. Nf4 Bxf5 39. Rd2 Bb4 40. Rdf2 Be4 0-1


[Site "https://www.chess.com"]

[Event "Titled Tuesday Blitz April 26 Early 2022"]
[White "Khusenkhojaev, Muhammad"]
[Black "Gokerkan, Cem Kaan"]
[WhiteFideId "14700247"]
[BlackFideId "6336760"]
[WhiteElo "2180"]
[BlackElo "2382"]
[Result "1/2-1/2"]
[Round "02"]
[TimeControl "180+1"]
[Date "2022.04.26"]
[WhiteClock "0:00:16"]
[BlackClock "0:00:25"]

1. e4 c5 2. Nf3 g6 3. d4 cxd4 4. Nxd4 Bg7 5. c4 Nc6 6. Be3 Nf6 7. Nc3 O-O 8. Be2 Nxd4 9. Bxd4 d6 10. O-O Bd7 11. h3 Bc6 12. Qc2 a5 13. Rad1 a4 14. c5 Qa5 15. cxd6 exd6 16. Be3 Rfe8 17. Bf3 Re6 18. Nd5 Bxd5 19. exd5 Ree8 20. Bf4 Rac8 21. Qd3 Qb6 22. Qa3 Rc5 23. Be3 Rxe3 24. Qxe3 Qxb2 25. Rb1 Qxa2 26. Rxb7 Rc8 27. Qe7 Rf8 28. Qxd6 Qd2 29. Rb8 Qd4 30. Rd1 Qc3 31. Rxf8+ Bxf8 32. Qc6 Qb2 33. d6 a3 34. d7 Nxd7 35. Qxd7 a2 36. Qa7 Qb3 37. Ra1 Qb1+ 38. Rxb1 axb1=Q+ 39. Kh2 Bd6+ 40. g3 Qf5 41. Kg2 h5 42. h4 Bc5 43. Qb7 Bd4 44. Qe4 Qf6 45. Qd5 Kg7 46. Qc4 Qb6 47. Qe2 Bf6 48. Bd5 Qd4 49. Qe4 Qa7 50. Qf3 Qc7 51. Bb3 Qd6 52. Bd5 Qe7 53. Bb3 Qc7 54. Bd5 Bd4 55. Bb3 Bb6 56. Bd5 f5 57. Bb3 Qc5 58. Qe2 Kh6 59. Bc2 Qd4 60. Qf3 Bc5 61. Bd3 Kg7 62. Bc2 Qd2 63. Bb3 Bd4 64. Bc4 Qc2 65. Be2 Qd2 66. Bc4 Kh6 67. Be2 Ba7 68. Qf4+ Qxf4 69. gxf4 Bb8 70. Kg3 Kg7 71. Bb5 Kf6 72. Ba6 Kf7 73. Bb5 Bc7 74. Bc6 Bb6 75. Bd7 Ba5 76. Bc6 Be1 77. Bb5 Ke6 78. Be8 Kf6 79. Bb5 Bb4 80. Bc6 Bc5 81. Bb5 Bb6 82. Bc6 Ba5 83. Bb5 Bc3 84. Bc6 Ba1 85. Bb5 Bb2 86. Bc6 Kf7 87. Bb5 Bg7 88. Bc6 Bf8 89. Bb5 Kf6 90. Bc4 Ke7 91. Bb5 Kd8 92. Bc4 Ke7 93. Bb5 Ke6 94. Bc4+ Kf6 95. Bb5 Bb4 96. Bc6 Bc5 97. Bb5 Ba7 98. Bc6 Bb8 99. Bb5 Ke6 100. Be8 Kf6 101. Bb5 Ke7 102. Bc6 Bc7 103. Bb5 Bb6 104. Bc6 Kf6 105. Bb5 Bc7 106. Bc6 Bb8 107. Bb5 1/2-1/2


[Site "https://www.chess.com"]

[Event "Titled Tuesday Blitz April 26 Early 2022"]
[White "Kim, Sergey"]
[Black "Lauridsen, Jesper Morch"]
[WhiteFideId "13700570"]
[BlackFideId "1401890"]
[WhiteElo "2546"]
[BlackElo "2288"]
[Result "1-0"]
[Round "02"]
[TimeControl "180+1"]
[Date "2022.04.26"]
[WhiteClock "0:01:27"]
[BlackClock "0:00:10"]

1. d4 d5 2. c4 e6 3. Nc3 c5 4. e3 Nf6 5. Nf3 a6 6. a3 Nc6 7. Bd3 dxc4 8. Bxc4 b5 9. Ba2 Bb7 10. O-O Qc7 11. d5 exd5 12. Nxd5 Nxd5 13. Bxd5 Rd8 14. e4 Bd6 15. Ng5 Nd4 16. Bxf7+ Kf8 17. Qh5 h6 18. Bd5 Bxh2+ 19. Kh1 Bxd5 20. exd5 Rxd5 21. Ne6+ Nxe6 22. Qxd5 Ng5 23. Be3 Bd6 24. Qa8+ Kf7 25. Qxh8 Qe7 26. Qc8 Ne6 27. g3 Kg6 28. Qc6 Nd4 29. Bxd4 cxd4 30. Rae1 Qf6 31. Qe4+ Kg5 32. Kg2 1-0


[Site "https://www.chess.com"]

[Event "Titled Tuesday Blitz April 26 Early 2022"]
[White "Kosteniuk, Alexandra"]
[Black "Abdusattorov, Nodirbek"]
[WhiteFideId "4128125"]
[BlackFideId "14204118"]
[WhiteElo "2469"]
[BlackElo "2663"]
[Result "0-1"]
[Round "02"]
[TimeControl "180+1"]
[Date "2022.04.26"]
[WhiteClock "0:00:02"]
[BlackClock "0:00:16"]

1. e4 c5 2. c3 d5 3. exd5 Qxd5 4. d4 g6 5. Nf3 Bg7 6. Nbd2 cxd4 7. Nxd4 Nf6 8. Bc4 Qc5 9. Qe2 O-O 10. O-O Bg4 11. Qe3 Nc6 12. h3 Bd7 13. Nxc6 Qxe3 14. fxe3 Bxc6 15. a4 Rfd8 16. Nf3 Bd5 17. Be2 Ne4 18. Nd4 Ng3 19. Re1 Nxe2+ 20. Rxe2 e5 21. Nb5 a6 22. Nc7 Bc4 23. Nxa8 Bxe2 24. Kf2 Bc4 25. Nb6 Bb3 26. e4 Rd1 27. Ra3 Bc2 28. Be3 Bxe4 29. c4 f5 30. g3 Bf8 31. Rc3 Rh1 32. Nd7 Bb4 33. Rb3 Be1+ 34. Ke2 Bxg3 35. Nf6+ Kf7 36. Nxe4 fxe4 37. Rxb7+ Ke6 38. Rxh7 Rh2+ 39. Kd1 Bf4 40. Bxf4 exf4 41. c5 Kd5 42. b4 f3 43. Rd7+ Kc4 44. c6 e3 45. c7 Kc3 46. c8=Q+ Kb2 47. Qh8+ Kb1 0-1


[Site "https://www.chess.com"]

[Event "Titled Tuesday Blitz April 26 Early 2022"]
[White "Kotepalli, Sai Nirupama"]
[Black "Maksimenko, Viktor"]
[WhiteFideId "5039444"]
[BlackFideId "13710478"]
[WhiteElo "2388"]
[BlackElo "2269"]
[Result "0-1"]
[Round "02"]
[TimeControl "180+1"]
[Date "2022.04.26"]
[WhiteClock "0:00:04"]
[BlackClock "0:00:17"]

1. e4 c6 2. d3 d5 3. Nd2 e5 4. Ngf3 dxe4 5. dxe4 Qc7 6. Bd3 Nd7 7. O-O Ngf6 8. Qe2 Be7 9. Nc4 O-O 10. c3 b5 11. Ne3 Nc5 12. Bc2 Ncxe4 13. Nd1 Bf5 14. Nh4 Be6 15. Nf3 Bc4 16. Bd3 Bxd3 17. Qxd3 Rad8 18. Qe2 Rfe8 19. Nh4 Bf8 20. Ne3 Nc5 21. Nf3 Ne6 22. Nf5 e4 23. Ne1 Qe5 24. Ng3 h5 25. Nf3 Qd5 26. Nh4 g6 27. Re1 Qd3 28. Be3 a6 29. Bb6 Qxe2 30. Rxe2 Rb8 31. Bd4 Nxd4 32. cxd4 Bh6 33. Rae1 Bg5 34. Nxe4 Nxe4 35. Rxe4 Rxe4 36. Rxe4 f5 37. Nxf5 gxf5 38. Re6 Rd8 39. Rg6+ Kf7 40. Rxg5 Rxd4 41. h3 Rd1+ 42. Kh2 Rd2 43. Rxf5+ Ke6 44. Rxh5 Rxb2 45. Rh6+ Kd5 46. Rh5+ Kd6 47. a3 Rxf2 48. a4 b4 49. Ra5 b3 50. Rxa6 Kc7 0-1


[Site "https://www.chess.com"]

[Event "Titled Tuesday Blitz April 26 Early 2022"]
[White "Kozak, Adam"]
[Black "Goltsev, Dmitry"]
[WhiteFideId "753246"]
[BlackFideId "24176710"]
[WhiteElo "2459"]
[BlackElo "2273"]
[Result "1-0"]
[Round "02"]
[TimeControl "180+1"]
[Date "2022.04.26"]
[WhiteClock "0:01:04"]
[BlackClock "0:00:10"]

1. Nf3 d5 2. c4 c6 3. e3 Nf6 4. Nc3 e6 5. b3 Nbd7 6. Qc2 Bd6 7. Bb2 Qe7 8. Be2 e5 9. cxd5 Nxd5 10. Ne4 Bc7 11. Ng3 g6 12. a3 O-O 13. O-O f6 14. d4 f5 15. dxe5 Nxe5 16. Nxe5 Bxe5 17. Bc4 Bxb2 18. Bxd5+ cxd5 19. Qxb2 Be6 20. Ne2 Rac8 21. Nd4 Bf7 22. Qd2 a6 23. a4 Rc7 24. a5 Rfc8 25. g3 Qe4 26. Rfc1 h5 27. h4 Qe5 28. Rxc7 Rxc7 29. Rc1 Kh7 30. Rc3 Re7 31. Qc1 Qf6 32. Rc7 Qd6 33. Rc8 Re8 34. Rxe8 Bxe8 35. Qc8 Qd7 36. Qxd7+ Bxd7 37. Kg2 Kg7 38. Kf3 Kf6 39. Kf4 Be8 40. Nf3 Bd7 41. Nd4 Be8 42. Kf3 Ke5 43. Ke2 Ke4 44. Kd2 Ke5 45. Kc3 Bd7 46. Kb4 Kd6 47. Ne2 Be6 48. Nf4 Bf7 49. Nd3 Be8 50. Kc3 Bf7 51. Kd4 Be6 52. Nc5 Bc8 53. b4 Kc6 54. Nd3 Kd6 55. Nf4 Kc6 56. Nxg6 Be6 57. Nf4 Bf7 58. Kc3 Kb5 59. Ne2 Bg6 60. Nd4+ Ka4 61. Ne6 Be8 62. Nc5+ 1-0


[Site "https://www.chess.com"]

[Event "Titled Tuesday Blitz April 26 Early 2022"]
[White "Kucuksari, Kaan"]
[Black "Jobava, Baadur"]
[WhiteFideId "6380166"]
[BlackFideId "13601520"]
[WhiteElo "2305"]
[BlackElo "2617"]
[Result "0-1"]
[Round "02"]
[TimeControl "180+1"]
[Date "2022.04.26"]
[WhiteClock "0:00:38"]
[BlackClock "0:02:10"]

1. d4 d5 2. c4 dxc4 3. Nf3 Nf6 4. e3 Bg4 5. Bxc4 e6 6. O-O Bd6 7. h3 Bh5 8. Nc3 Nc6 9. Be2 O-O 10. a3 Qe8 11. b4 Rd8 12. b5 Ne7 13. Bb2 Ned5 14. Nd2 Bxe2 15. Qxe2 Nxc3 16. Bxc3 Nd5 17. Bb2 f5 18. Nc4 Qxb5 19. Qc2 Rf6 20. Rfe1 Rg6 21. g3 Qc6 22. Rac1 h5 23. h4 Rg4 24. e4 fxe4 25. Rxe4 Nb4 26. Rxg4 Nxc2 27. Rxg7+ Kf8 28. Rxc2 Qe4 29. Nxd6 Qxc2 0-1


[Site "https://www.chess.com"]

[Event "Titled Tuesday Blitz April 26 Early 2022"]
[White "Kuznetsov, Mikhail"]
[Black "Aaditya Dhingra"]
[WhiteFideId "4117190"]
[BlackFideId "25678191"]
[WhiteElo "1981"]
[BlackElo "1849"]
[Result "0-1"]
[Round "02"]
[TimeControl "180+1"]
[Date "2022.04.26"]
[WhiteClock "0:00:02"]
[BlackClock "0:01:06"]

1. Nf3 c5 2. g3 b6 3. Bg2 Bb7 4. O-O g6 5. d4 Bg7 6. d5 Nf6 7. c4 b5 8. a4 bxc4 9. Nc3 O-O 10. Nd2 Ba6 11. Nb5 d6 12. Nxc4 Nbd7 13. e4 Nb6 14. b3 Qd7 15. e5 Ne8 16. e6 Qc8 17. exf7+ Rxf7 18. Ra2 Nc7 19. Nxb6 axb6 20. Nxc7 Bxf1 21. Nxa8 Bxg2 22. Kxg2 Qxa8 23. Be3 Bd4 24. Bxd4 Qxd5+ 25. Kg1 cxd4 26. Rd2 e5 27. b4 Rc7 28. h4 Qc4 29. Rb2 Qc1 30. Qxc1 Rxc1+ 31. Kg2 Ra1 32. a5 bxa5 33. b5 Rc1 34. Ra2 Rb1 35. Rxa5 Kg7 36. Ra7+ Kf6 37. Ra6 Ke6 38. b6 d3 0-1


[Site "https://www.chess.com"]

[Event "Titled Tuesday Blitz April 26 Early 2022"]
[White "Lach, Aleksandra"]
[Black "Vakhlamov, Igor L."]
[WhiteFideId "1134299"]
[BlackFideId "24126748"]
[WhiteElo "2172"]
[BlackElo "2401"]
[Result "1-0"]
[Round "02"]
[TimeControl "180+1"]
[Date "2022.04.26"]
[WhiteClock "0:00:15"]
[BlackClock "0:00:16"]

1. e4 c5 2. Nc3 Nc6 3. Bb5 Nd4 4. Nf3 e6 5. O-O a6 6. Bd3 Nxf3+ 7. Qxf3 Bd6 8. Qe3 Qc7 9. f4 c4 10. Qg3 Ne7 11. Be2 Ng6 12. d4 cxd3 13. Bxd3 b5 14. e5 Bc5+ 15. Be3 Bb7 16. Ne4 Be7 17. Ng5 d6 18. Nxh7 Nh4 19. Rf2 O-O-O 20. Ng5 Bxg5 21. Qxg5 f6 22. exf6 gxf6 23. Qxf6 Rdg8 24. Be4 Bxe4 25. Qxe6+ Kb8 26. Qxe4 Re8 27. Qd3 Rhg8 28. g3 Ng6 29. Rd1 Rd8 30. Bd4 Ne7 31. f5 Nc6 32. f6 Ne5 33. Bxe5 dxe5 34. Qe2 Rdf8 35. Rdf1 Rf7 36. c3 Re8 37. Qe4 Re6 38. Qd5 Qb6 39. Kg2 e4 40. Qh5 Qb7 41. Qh8+ Ka7 42. Kg1 e3 43. Re2 Qe4 44. Qh4 Qe5 45. Qf4 Qd5 46. Rxe3 Rexf6 47. Re7+ Rxe7 48. Qxf6 Rd7 49. Qf2+ Kb8 50. h4 Qd6 51. Qf4 Kc7 52. Qxd6+ Rxd6 53. g4 Rd3 54. Rf4 Kd6 55. h5 Ke5 56. Rf5+ Ke4 57. Kf2 Rh3 58. Rf7 Rh1 59. Kg3 Rg1+ 60. Kh4 Ke5 61. Re7+ Kf6 62. Re2 Rh1+ 63. Kg3 Rg1+ 64. Rg2 Rb1 65. Kh4 Rh1+ 66. Kg3 Kg5 67. Rf2 Rg1+ 68. Kh3 Rh1+ 69. Kg3 Rg1+ 70. Rg2 Rh1 71. Rh2 Rg1+ 72. Kf3 Rf1+ 73. Ke4 Re1+ 74. Kd5 Re7 75. h6 Rh7 76. Kc6 Kxg4 77. Kb6 Kg3 78. Rh1 Kg2 79. Rh5 Kg3 80. Kxa6 Kg4 81. Rxb5 Rxh6+ 82. Rb6 Rh2 83. a4 Kf5 84. b4 Ke5 85. c4 Kd4 86. c5 Ra2 87. Ka5 Kd5 88. Rd6+ Ke5 89. Rd3 Rc2 90. Kb5 Rc3 91. Rxc3 Kd4 92. Rc1 Kd3 93. c6 Kd2 94. c7 Kxc1 95. c8=Q+ Kb2 96. Qe6 Ka3 97. Qe3+ Kb2 98. a5 Ka1 99. a6 Kb2 100. a7 Kb1 101. Qf2 Kc1 102. a8=Q Kb1 103. Qaa2+ Kc1 104. Qa1# 1-0


[Site "https://www.chess.com"]

[Event "Titled Tuesday Blitz April 26 Early 2022"]
[White "Lamaze, Simon"]
[Black "Johnson, Ben"]
[WhiteFideId "36069264"]
[BlackFideId "2010917"]
[WhiteElo "1999"]
[BlackElo "2166"]
[Result "0-1"]
[Round "02"]
[TimeControl "180+1"]
[Date "2022.04.26"]
[WhiteClock "0:01:38"]
[BlackClock "0:00:19"]

1. d4 Nf6 2. c4 e6 3. g3 d5 4. Nf3 dxc4 5. Bg2 c5 6. O-O Nc6 7. dxc5 Qxd1 8. Rxd1 Bxc5 9. Nbd2 c3 10. bxc3 O-O 11. Nb3 Be7 12. Nbd4 Nd5 13. Bb2 Bd7 14. c4 Nf6 15. Nb5 Rfd8 16. Rd2 Be8 17. Rad1 Rxd2 18. Rxd2 Ne4 19. Rd1 Rc8 20. Ne5 Nxe5 21. Bxe5 Rxc4 22. Nd6 Nxd6 23. Bxd6 Bxd6 24. Rxd6 Rc1+ 25. Bf1 Kf8 26. Rd8 Ke7 27. Ra8 Bb5 28. Kg2 Bc6+ 29. f3 a6 30. Rh8 h6 31. Rg8 Kf6 32. g4 Rc2 33. a3 Ra2 34. Kg3 Rxa3 35. h4 a5 36. Kf4 g5+ 37. hxg5+ hxg5+ 38. Kg3 a4 39. Ra8 Ra1 40. Bg2 a3 41. e4 a2 42. Ra5 Bb5 43. f4 gxf4+ 44. Kxf4 Bc4 45. e5+ Kg7 46. Kg5 Rg1 47. Bf3 a1=Q 0-1


[Site "https://www.chess.com"]

[Event "Titled Tuesday Blitz April 26 Early 2022"]
[White "Le, Tuan Minh"]
[Black "Koziorowicz, Michal"]
[WhiteFideId "12401153"]
[BlackFideId "21809194"]
[WhiteElo "2450"]
[BlackElo "2235"]
[Result "1-0"]
[Round "02"]
[TimeControl "180+1"]
[Date "2022.04.26"]
[WhiteClock "0:00:19"]
[BlackClock "0:00:02"]

1. d4 f5 2. e4 fxe4 3. Nc3 Nf6 4. Bg5 g6 5. f3 e3 6. Bxe3 Bg7 7. Qd2 O-O 8. h4 Nc6 9. O-O-O e5 10. Bc4+ d5 11. Nxd5 Kh8 12. Nxf6 Qxf6 13. Bg5 Qd6 14. d5 Nd4 15. h5 Bf5 16. hxg6 Bxg6 17. Bd3 e4 18. Bxe4 Bxe4 19. fxe4 Qe5 20. c3 Nb5 21. Bh6 Bxh6 22. Qxh6 Qxe4 23. Nf3 Rf7 24. Ne1 Raf8 25. Nf3 Qc4 26. Kb1 Qe4+ 27. Ka1 Rf6 28. Qh2 Rg8 29. Rde1 Qg6 30. Re7 Rf7 31. Ne5 1-0


[Site "https://www.chess.com"]

[Event "Titled Tuesday Blitz April 26 Early 2022"]
[White "Li, Ben"]
[Black "Kaminski, Victor"]
[WhiteFideId "2089980"]
[BlackFideId "1131630"]
[WhiteElo "2267"]
[BlackElo "2181"]
[Result "1-0"]
[Round "02"]
[TimeControl "180+1"]
[Date "2022.04.26"]
[WhiteClock "0:00:13"]
[BlackClock "0:00:01"]

1. d4 Nf6 2. c4 c5 3. d5 b5 4. cxb5 a6 5. e3 e6 6. Nc3 exd5 7. Nxd5 Be7 8. Nxf6+ Bxf6 9. Qd5 Ra7 10. Qxc5 Rc7 11. Qb4 axb5 12. Bxb5 Na6 13. Qe4+ Kf8 14. Nf3 Bb7 15. Qa4 Nc5 16. Qa3 g5 17. O-O g4 18. Nd4 Be5 19. Rd1 Qh4 20. g3 Qf6 21. Be2 h5 22. b4 Ne4 23. Rf1 Ng5 24. h4 gxh3 25. f4 h2+ 26. Kxh2 Bxd4 27. fxg5 Qc6 28. b5+ Qc5 29. exd4 Qxa3 30. Bxa3+ Kg7 31. Rac1 Rxc1 32. Rxc1 Re8 33. Bxh5 Ra8 34. Be7 Rxa2+ 35. Kh3 Bg2+ 36. Kh4 Be4 37. Bf6+ Kh7 38. Bxf7 Bf3 39. g4 Rg2 40. Kh3 Re2 41. Kg3 Be4 42. Rc8 Bd5 43. Rh8# 1-0


[Site "https://www.chess.com"]

[Event "Titled Tuesday Blitz April 26 Early 2022"]
[White "Lopez Del Alamo, Antonio"]
[Black "Horobetz, Graham"]
[WhiteFideId "2227339"]
[BlackFideId "2047322"]
[WhiteElo "2082"]
[BlackElo "2594"]
[Result "1/2-1/2"]
[Round "02"]
[TimeControl "180+1"]
[Date "2022.04.26"]
[WhiteClock "0:01:03"]
[BlackClock "0:00:11"]

1. e4 c5 2. Nf3 d6 3. d4 cxd4 4. Nxd4 Nf6 5. Nc3 a6 6. Be2 e5 7. Nb3 Be7 8. Be3 Be6 9. Nd5 Nbd7 10. Qd3 Bxd5 11. exd5 O-O 12. O-O h5 13. f3 g6 14. c4 b6 15. Rac1 Nh7 16. f4 f5 17. fxe5 Nxe5 18. Qd2 Bg5 19. Nd4 Bxe3+ 20. Qxe3 Qg5 21. Qb3 Qd2 22. Rcd1 Qa5 23. Nc6 Qc5+ 24. Kh1 Rae8 25. Bf3 Qxc4 26. Qxb6 Nxf3 27. Rxf3 Ng5 28. Rff1 Re2 29. Nd4 Re5 30. Ne6 Nxe6 31. dxe6 Rxe6 32. b3 Qe2 33. Qc6 Kg7 34. Qc3+ Rff6 35. Rde1 Qb5 36. a4 Qd5 37. Rd1 Qe5 38. Qb4 f4 39. Rfe1 Qf5 40. Rxe6 Rxe6 41. Qd4+ Qe5 42. Qd2 Qe4 43. b4 f3 44. Qc3+ Rf6 45. gxf3 Qe2 46. Re1 Qxf3+ 47. Qxf3 Rxf3 48. Rb1 Ra3 49. b5 axb5 50. axb5 Ra7 51. b6 Rb7 52. Kg2 Kf6 53. Kf3 g5 54. Ke4 Ke6 55. Rb2 d5+ 56. Kd4 Kd6 57. Rb5 Kc6 58. Rxd5 Rg7 59. Rf5 h4 60. Rf6+ Kb7 61. Ke4 g4 62. Rh6 g3 63. hxg3 hxg3 64. Rh1 Kxb6 65. Rg1 Kc5 66. Kf3 Kd4 67. Rxg3 Rxg3+ 68. Kxg3 1/2-1/2


[Site "https://www.chess.com"]

[Event "Titled Tuesday Blitz April 26 Early 2022"]
[White "Maghsoodloo, Parham"]
[Black "Djokic, Mihailo"]
[WhiteFideId "12539929"]
[BlackFideId "976440"]
[WhiteElo "2630"]
[BlackElo "2202"]
[Result "1-0"]
[Round "02"]
[TimeControl "180+1"]
[Date "2022.04.26"]
[WhiteClock "0:01:36"]
[BlackClock "0:00:04"]

1. e4 c5 2. Nf3 d6 3. d4 cxd4 4. Nxd4 Nf6 5. Nc3 g6 6. h4 Nc6 7. Bb5 Bd7 8. f3 h5 9. Be3 Bg7 10. Qd2 Ne5 11. Be2 Rc8 12. O-O-O Nc4 13. Bxc4 Rxc4 14. Kb1 Qc7 15. Nde2 a6 16. Bd4 Be6 17. Qe3 O-O 18. Nf4 Rc6 19. Bxf6 Bxf6 20. Ncd5 Bxd5 21. Nxd5 Qa5 22. Nxf6+ exf6 23. Rd5 Qc7 24. c3 Re8 25. Rhd1 f5 26. R1d4 fxe4 27. fxe4 Qe7 28. Qf4 Rd8 29. a3 f6 30. g4 hxg4 31. Qxg4 Kf7 32. h5 Rg8 33. hxg6+ Rxg6 34. Qh5 Kg7 35. Qh2 Rg5 36. Rxd6 Rxd6 37. Qxd6 Qf7 38. Rd5 Rg1+ 39. Ka2 Rg5 40. c4 Rg4 41. e5 f5 42. e6 Qf6 43. Qc7+ Kg6 44. e7 Re4 45. Rd6 Re6 46. e8=Q+ Rxe8 47. Rxf6+ Kxf6 48. Qxb7 1-0


[Site "https://www.chess.com"]

[Event "Titled Tuesday Blitz April 26 Early 2022"]
[White "Maksimovic, Bojan"]
[Black "Dudzinski, Pawel"]
[WhiteFideId "14408120"]
[BlackFideId "1117890"]
[WhiteElo "2448"]
[BlackElo "2033"]
[Result "1-0"]
[Round "02"]
[TimeControl "180+1"]
[Date "2022.04.26"]
[WhiteClock "0:02:16"]
[BlackClock "0:00:30"]

1. e4 c6 2. d4 d5 3. Nc3 dxe4 4. Nxe4 Nf6 5. Nxf6+ exf6 6. c3 Bd6 7. Bd3 O-O 8. Qc2 Re8+ 9. Ne2 h5 10. O-O h4 11. h3 Be6 12. Bd2 Nd7 13. Rae1 Rc8 14. c4 Bb8 15. f4 Qc7 16. f5 Qh2+ 17. Kf2 Bg3+ 18. Nxg3 hxg3+ 19. Kf3 Bd5+ 20. cxd5 cxd5 21. Qd1 Ne5+ 22. dxe5 fxe5 23. Rh1 e4+ 24. Bxe4 dxe4+ 25. Rxe4 Rxe4 26. Rxh2 Rd4 27. Kxg3 Rcd8 28. Rh1 Rd3+ 29. Kh2 Rxd2 30. Qg4 Rxb2 31. f6 g6 32. Qg5 Rdd2 33. Rg1 Kf8 34. Qc5+ Kg8 35. Qc8+ Rd8 36. Qxd8+ Kh7 37. Qf8 1-0


[Site "https://www.chess.com"]

[Event "Titled Tuesday Blitz April 26 Early 2022"]
[White "Manukian, Artak"]
[Black "Zia, Tahsin Tajwar"]
[WhiteFideId "13301373"]
[BlackFideId "10211888"]
[WhiteElo "2323"]
[BlackElo "1800"]
[Result "1-0"]
[Round "02"]
[TimeControl "180+1"]
[Date "2022.04.26"]
[WhiteClock "0:01:56"]
[BlackClock "0:01:21"]

1. e4 g6 2. d4 Bg7 3. c4 c5 4. d5 b5 5. cxb5 a6 6. b6 d6 7. Nd2 Nd7 8. Nc4 Nxb6 9. Nf3 Nf6 10. Nfd2 O-O 11. Bd3 a5 12. O-O Ba6 13. Qc2 a4 14. Nxb6 Qxb6 15. Bxa6 Rxa6 16. Nc4 Qb7 17. Bd2 Nd7 18. Bc3 Bxc3 19. bxc3 Rb8 20. Rab1 Qa8 21. Rxb8+ Qxb8 22. Rb1 Qa7 23. h4 Nb6 24. Nxb6 Rxb6 25. Rxb6 Qxb6 26. Qxa4 Qb1+ 27. Kh2 Qxe4 28. Qxe4 1-0


[Site "https://www.chess.com"]

[Event "Titled Tuesday Blitz April 26 Early 2022"]
[White "Martic, Ivan"]
[Black "Banusz, Tamas"]
[WhiteFideId "929301"]
[BlackFideId "722413"]
[WhiteElo "2317"]
[BlackElo "2602"]
[Result "0-1"]
[Round "02"]
[TimeControl "180+1"]
[Date "2022.04.26"]
[WhiteClock "0:00:05"]
[BlackClock "0:00:11"]

1. d4 d5 2. c4 c6 3. Nc3 Nf6 4. e3 e6 5. Nf3 a6 6. c5 Nbd7 7. b4 g6 8. Bd3 Bg7 9. O-O O-O 10. Bb2 Qe7 11. Na4 Ne4 12. Qc2 f5 13. Ne5 Nxe5 14. dxe5 Bd7 15. f3 Ng5 16. Nb6 Rad8 17. f4 Ne4 18. Bd4 Kh8 19. a4 Rg8 20. b5 axb5 21. axb5 cxb5 22. Ra7 Bc6 23. Rc1 g5 24. Qb2 gxf4 25. exf4 Bh6 26. Rf1 Rg4 27. Be3 Rdg8 28. Bxe4 dxe4 29. Rf2 Rd8 30. Rd2 Bxf4 31. Bxf4 Qxc5+ 32. Kh1 Qxb6 33. Be3 Qc7 34. Rd6 Rdg8 35. h3 Rxg2 36. Qxg2 Rxg2 37. Kxg2 f4 38. Bxf4 e3+ 39. Kf1 Qf7 40. Ra8+ Kg7 41. Rd4 Qf5 42. Rc8 Qxh3+ 43. Ke2 Qf3+ 44. Ke1 Qf2+ 45. Kd1 e2+ 46. Kc1 e1=Q+ 47. Rd1 Qc3+ 0-1


[Site "https://www.chess.com"]

[Event "Titled Tuesday Blitz April 26 Early 2022"]
[White "Martinez Alcantara, Jose Eduardo"]
[Black "Kozak, Antoni"]
[WhiteFideId "3805662"]
[BlackFideId "21832030"]
[WhiteElo "2690"]
[BlackElo "2236"]
[Result "1-0"]
[Round "02"]
[TimeControl "180+1"]
[Date "2022.04.26"]
[WhiteClock "0:00:04"]
[BlackClock "0:00:03"]

1. e4 c5 2. Nf3 d6 3. c3 Nf6 4. h3 e5 5. Bd3 Nc6 6. Bc2 d5 7. exd5 Qxd5 8. Qe2 Be6 9. d3 Be7 10. Nbd2 O-O-O 11. O-O h6 12. Re1 Nh5 13. Nc4 Nf4 14. Bxf4 exf4 15. Nce5 Nxe5 16. Nxe5 Bf6 17. Nf3 Rhe8 18. d4 cxd4 19. cxd4 Kb8 20. Bb3 Qd6 21. Qb5 Bd7 22. Qd3 Rxe1+ 23. Rxe1 Bc6 24. d5 Bd7 25. Nd2 Bc8 26. Rd1 g5 27. Ne4 Qe5 28. Nxf6 Qxf6 29. d6 Bf5 30. Qd5 Be6 31. Qc5 Rc8 32. Qa5 Qd8 33. Qe5 Bxb3 34. d7+ Rc7 35. Qe8 Rxd7 36. Qxd8+ Rxd8 37. Rxd8+ Kc7 38. Ra8 Bxa2 39. Rxa7 Be6 40. Ra4 Kd6 41. Rb4 Bd5 42. f3 Kc5 43. Ra4 b5 44. Ra3 Kb4 45. Kf2 Bc4 46. Ke1 f5 47. Rc3 h5 48. Rc2 Kb3 49. Rd2 g4 50. Kf2 g3+ 51. Ke1 b4 52. Kd1 h4 53. Kc1 Bf1 54. Kd1 Bc4 55. Rd4 Bf1 56. Rxf4 Bxg2 57. Ke2 Bxh3 58. Rxh4 Bg2 59. Rf4 Kxb2 60. Rxb4+ Kc3 61. Rf4 Bh3 62. Rh4 Bg2 63. Rh5 f4 64. Rh4 Bh1 65. Rxh1 1-0


[Site "https://www.chess.com"]

[Event "Titled Tuesday Blitz April 26 Early 2022"]
[White "Matamoros Franco, Carlos S."]
[Black "Svane, Frederik"]
[WhiteFideId "3600017"]
[BlackFideId "12923044"]
[WhiteElo "2532"]
[BlackElo "2828"]
[Result "0-1"]
[Round "02"]
[TimeControl "180+1"]
[Date "2022.04.26"]
[WhiteClock "0:00:52"]
[BlackClock "0:01:09"]

1. Nf3 d5 2. g3 b6 3. Bg2 Bb7 4. O-O Nd7 5. c4 dxc4 6. Na3 Ngf6 7. Nxc4 g6 8. b3 Bg7 9. Bb2 O-O 10. b4 Rc8 11. Rc1 c5 12. bxc5 Nxc5 13. d3 Qd7 14. Nce5 Qb5 15. Ba1 Rfd8 16. Nd4 Qa6 17. Ndc6 Re8 18. Nb4 Qb5 19. Bxb7 Nxb7 20. a4 Qxb4 0-1


[Site "https://www.chess.com"]

[Event "Titled Tuesday Blitz April 26 Early 2022"]
[White "Meduri, Aakaash"]
[Black "Korchmar, Vasiliy"]
[WhiteFideId "2032252"]
[BlackFideId "24131750"]
[WhiteElo "2096"]
[BlackElo "2370"]
[Result "0-1"]
[Round "02"]
[TimeControl "180+1"]
[Date "2022.04.26"]
[WhiteClock "0:00:01"]
[BlackClock "0:00:20"]

1. d4 Nf6 2. Bf4 d5 3. e3 c5 4. dxc5 Nc6 5. Bb5 e6 6. b4 a5 7. c3 Bd7 8. Qb3 Ne4 9. Nf3 axb4 10. Bxc6 Bxc6 11. cxb4 Bb5 12. a4 Bc4 13. Qb2 Be7 14. Nc3 Bf6 15. Be5 Bxe5 16. Nxe5 Nxc3 17. Nxc4 Nxa4 18. Qxg7 Ke7 19. Nd6 Qf8 20. Qd4 Rg8 21. g3 b6 22. O-O bxc5 23. bxc5 Qg7 24. Qb4 Rgb8 25. Qa3 Qc3 26. Qxc3 Nxc3 27. Kg2 Na4 28. Rac1 Ra5 29. Rfd1 Rxc5 30. Nb7 Rxb7 0-1


[Site "https://www.chess.com"]

[Event "Titled Tuesday Blitz April 26 Early 2022"]
[White "Migot, Tangi"]
[Black "Blokhin, Sofia"]
[WhiteFideId "662445"]
[BlackFideId "4508190"]
[WhiteElo "2544"]
[BlackElo "1764"]
[Result "1-0"]
[Round "02"]
[TimeControl "180+1"]
[Date "2022.04.26"]
[WhiteClock "0:00:13"]
[BlackClock "0:00:01"]

1. c4 c5 2. Nc3 Nf6 3. g3 d5 4. cxd5 Nxd5 5. Bg2 Nc7 6. e3 Nc6 7. Nge2 e5 8. O-O Be7 9. b3 h5 10. f4 h4 11. fxe5 hxg3 12. hxg3 Nxe5 13. d4 Ng4 14. Nf4 Qd6 15. dxc5 Qh6 16. Rf3 Ne5 17. Ncd5 Nxd5 18. Qxd5 Nxf3+ 19. Qxf3 Bxc5 20. b4 Bb6 21. Qe4+ Be6 22. Qxb7 O-O 23. Qf3 Rad8 24. Bb2 Bc4 25. Re1 Qd6 26. Bc3 f6 27. Nh5 Bf7 28. Qg4 Bxh5 29. Qxh5 a5 30. bxa5 Bc5 31. a6 Qe7 32. Bd5+ Rxd5 33. Qxd5+ Kh8 34. Bd4 Bxd4 35. Qxd4 Rd8 36. Qh4+ Kg8 37. a7 Qa3 38. Qc4+ Kh8 39. Qc7 Ra8 40. Qb8+ Rxb8 41. axb8=Q+ Kh7 42. Qf4 Qxa2 43. Qf2 1-0


[Site "https://www.chess.com"]